 Dungeon Crawl Stone Soup version 0.24-a0-341-g52ca42d3ec (webtiles) character file.

Game seed: 15022818254133462785

121 kaladindcss the Shield-Bearer (level 5, -1/33 HPs)
             Began as a Gargoyle Fighter on May 20, 2019.
             Slain by a hobgoblin
             ... wielding a cursed +0 club
             ... led by Robin
              (6 damage)
             ... on level 2 of the Dungeon.
             The game lasted 00:09:06 (1344 turns).

kaladindcss the Shield-Bearer (Gargoyle Fighter)    Turns: 1344, Time: 00:09:06

Health: -1/33      AC: 13    Str: 25    XL:     5   Next: 5%
Magic:  5/5        EV:  7    Int:  9    God:
Gold:   51         SH: 10    Dex:  9    Spells: 4/4 levels left

rFire    + . .     SeeInvis .   a - +0 flail
rCold    . . .     Gourm    .   c - +0 shield
rNeg     + . .     Faith    .   p - +2 scale mail {rF+}
rPois    ∞         Spirit   .   (no helmet)
rElec    +         Reflect  .   (no cloak)
rCorr    .         Harm     .   (no gloves)
MR       .....                  (no boots)
Stlth    ..........             e - amulet of rage
HPRegen  0.11/turn              (no ring)
MPRegen  0.09/turn              (no ring)

@: mighty, berserk cooldown, slowed, very slow
A: negative energy resistance 1, electricity resistance, unbreathing,
petrification resistance, rot immunity, AC +4
a: Evoke Berserk Rage


You were on level 2 of the Dungeon.
You were hungry.

You visited 1 branch of the dungeon, and saw 2 of its levels.

You collected 51 gold pieces.

Inventory:

Hand Weapons
 a - a +0 flail (weapon)
Armour
 b - a +0 scale mail
 c - a +0 shield (worn)
 p - a +2 scale mail of fire resistance (worn)
Jewellery
 e - an amulet of rage (around neck)
 i - an uncursed amulet of harm {unknown}
Scrolls
 g - 3 scrolls of remove curse {unknown}
 j - a scroll of blinking {unknown}
 k - a scroll of fog {unknown}
 m - a scroll of magic mapping {unknown}
Potions
 h - a potion of curing {unknown}
 l - a potion of lignification {unknown}
 n - a potion of heal wounds {unknown}
 o - a potion of brilliance {unknown}
Comestibles
 f - 5 rations


   Skills:
 + Level 3.7 Fighting
 + Level 3.4 Maces & Flails
 + Level 3.9 Armour
 - Level 0.1 Dodging
 + Level 4.3 Shields


You had 4 spell levels left.
You didn't know any spells.
Your spell library was empty.

Dungeon Overview and Level Annotations

Branches:
Dungeon (2/15)

Altars:

Annotations:
D:2 Robin


Innate Abilities, Weirdness & Mutations

You are resistant to torment.
Your stone body is resilient. (AC +4)
You are immune to poison.
You resist negative energy. (rN+)
You are resistant to electric shocks. (rElec)
You can survive without breathing.
You are immune to petrification.
You are immune to rotting.


Message History

The hobgoblin hits you but does no damage.
Robin barely misses you. The goblin hits you but does no damage.
You barely miss the goblin.
The goblin no longer looks unusually strong.
You block the goblin's attack.
The hobgoblin hits you but does no damage.
The goblin hits you but does no damage. You block the goblin's attack.
You block the hobgoblin's attack. The goblin hits you but does no damage.
You hit the goblin.
You kill the goblin!
Robin throws the goblin at you! You block the hobgoblin's attack.
The goblin hits you with a +0 dagger.
* * * LOW HITPOINT WARNING * * *
Robin hits you but does no damage. The goblin barely misses you.
You block the hobgoblin's attack.
You thump the goblin!
You kill the goblin!
You block Robin's attack.
The hobgoblin hits you with a cursed +0 club.
You die...

.###.# # .# #.# #.#..# .
.###.# #.#.. .
....####.#.# #.#
.#.......#.###.#
......(#.......###
.#...#)#.#.......#
.#.....#.#..####g#
.#............##@####
.........##)#..g.g..#
.......####>####.......#
#.#.##.# #......##.##.#
#.#. #.# #.####.# ..# #
#. #.# ... #.# .# #.#
..... #.. . ..
#.....##.. #. #.....##..


You could see Robin, a hobgoblin and a goblin.

Vanquished Creatures
  Terence (D:2)
  3 adders (D:2)
  An ooze (D:1)
  2 worms (D:2)
  A dart slug (D:1)
  A leopard gecko (D:2)
  A ball python (D:2)
  4 giant cockroaches
  8 goblins
  11 hobgoblins
  5 jackals
  6 kobolds
  2 bats (D:1)
  A frilled lizard (D:1)
  4 rats
51 creatures vanquished.

Notes
Turn   | Place    | Note
-------+----------+-------------------------------------------
     0 | D:1      | kaladindcss the Gargoyle Fighter began the quest for the
                  | Orb.
     0 | D:1      | Reached XP level 1. HP: 14/14 MP: 1/1
   164 | D:1      | Reached XP level 2. HP: 12/19 MP: 2/2
   449 | D:1      | Reached XP level 3. HP: 22/23 MP: 3/3
   795 | D:2      | Reached skill level 4 in Shields
   951 | D:2      | Reached XP level 4. HP: 25/28 MP: 4/4
  1182 | D:2      | Noticed Terence
  1205 | D:2      | Killed Terence
  1310 | D:2      | Noticed Robin
  1325 | D:2      | Reached XP level 5. HP: 33/33 MP: 5/5
  1344 | D:2      | Slain by a hobgoblin

Levels and vault maps discovered:
D:1:      minmay_arrival_five_plusses, layout_rooms,
          chequers_serial_rivers_micro_d, corexii_corridor_pit,
          kennysheep_crisscross
D:2:      layout_loops_cross, first_ration, minivault_11, minmay_tall_x,
          uniq_terence, uniq_robin

Skill      XL: |  1  2  3  4 |
---------------+-------------+-----
Shields        | 4 |  4.3
Maces & Flails | 3 |  3.4
Fighting       | |  3.7
Armour         | |  3.9
Dodging        | |  0.1

Action                   |  1- 3 |  4- 6 || total
-------------------------+-------+-------++-------
Melee: Flail             |   111 |   127 ||   238
 Abil: Evoke Berserk Rag |       |     1 ||     1
  Use: Potion            |       |     1 ||     1
  Eat: Chunk             |       |     2 ||     2
Armor: Scale mail        |    81 |    87 ||   168
       Skin              |       |     1 ||     1
Dodge: Dodged            |    43 |    33 ||    76
Block: Shield            |    85 |    85 ||   170

Table legend:
 A = Non-vault XP
 B = Vault XP
 C = Vault XP percentage of total XP
 D = Non-vault monster count
 E = Vault monster count
 F = Vault count percentage of total count
                 A         B        C        D         E       F
            +---------+---------+-------+---------+---------+-------
      Total |     118 |      55 |  31.8 |      39 |      12 |  23.5
            +---------+---------+-------+---------+---------+-------
        D:1 |      46 |       0 |   0.0 |      22 |       0 |   0.0
        D:2 |      72 |      55 |  43.3 |      17 |      12 |  41.4
            +---------+---------+-------+---------+---------+-------
